[Event "*** Titled Tuesday Blitz"]
[Site "Chess.com"]
[Date "2020.11.03"]
[Round "1"]
[White "dretch"]
[Black "Dinamo3"]
[Result "1-0"]
[WhiteElo "2814"]
[BlackElo "2407"]
[TimeControl "180+1"]
[EndTime "10:07:03 PST"]
[Termination "dretch won by resignation"]

1. d4 Nf6 2. c4 g6 3. Nc3 Bg7 4. e4 O-O 5. Nf3 d6 6. h3 Na6 7. Bg5 h6 8. Be3 e5 9. d5 Nc5 10. Nd2 a5 11. Be2 Ne8 12. Nb3 b6 13.
Nxc5 bxc5 14. Qd2 Kh7 15. O-O f5 16. f4 exf4 17. Rxf4 g5 18. Rxf5 Rxf5 19. exf5 Bxf5 20.
Rf1 Bg6 21. Bd3 Nf6 22. Bxg6+ Kxg6 23. Qd3+ Kf7 24. Ne4 Qe7 25. Bd2 Kg8 26. Nxf6+ Bxf6 27. Qg6+ Bg7 28. Bc3 Rf8 29. Re1 Qf7 30. Qxf7+ Rxf7 31. Re8+ Kh7 32. Bxg7 Kxg7 33. Ra8 Rf4 34. b3 Rd4 35. Ra7 Kf6 36. Rxc7 Rd2 37. Rh7 Kg6 38. Rd7 Rxa2 39. Rxd6+ Kf5 40. Rc6 Kf4 41. Rxc5 Kg3 42.
Kf1 Rxg2 43. d6 Rd2 44. Rd5 Rf2+ 45. Ke1 Rf8 46. d7 Rd8 47. c5 Kf4 48. c6 Ke4 49.
c7 1-0

[Event "*** Titled Tuesday Blitz"]
[Site "Chess.com"]
[Date "2020.11.03"]
[Round "1"]
[White "NikolaGry"]
[Black "Sergienko_Sergey"]
[Result "1-0"]
[WhiteElo "2644"]
[BlackElo "2322"]
[TimeControl "180+1"]
[EndTime "10:07:03 PST"]
[Termination "NikolaGry won on time"]

1. e4 c5 2. Be2 Nc6 3. f4 d6 4.
Nf3 g6 5. d3 Bg7 6. c3 e6 7.
O-O Nge7 8. Be3 O-O 9. Nbd2 b6 10. Qe1 d5 11. Bf2 Bb7 12. Rd1 Qc7 13. e5 Rad8 14.
d4 cxd4 15. cxd4 Qc8 16. Rc1 Ba6 17. b4 Bxe2 18. Qxe2 Qd7 19. a3 Rc8 20. g4 Nb8 21. b5 Rxc1 22. Rxc1 Rc8 23. Rxc8+ Qxc8 24. Bh4 Qc1+ 25. Qf1 Qxa3 26. Qb1 Bf8 27. Kf2 a6 28. f5 exf5 29. Bxe7 Bxe7 30. gxf5 Qb4 31. Qc2 Qxb5 32. Qc8+ Bf8 33. e6 fxe6 34. Qxe6+ Kg7 35. Ne5 Qb2 36. f6+ 1-0

[Event "*** Titled Tuesday Blitz"]
[Site "Chess.com"]
[Date "2020.11.03"]
[Round "1"]
[White "Happy1712Drummer"]
[Black "Warre"]
[Result "0-1"]
[WhiteElo "2203"]
[BlackElo "2545"]
[TimeControl "180+1"]
[EndTime "10:07:03 PST"]
[Termination "Warre won on time"]

1. f4 d5 2. Nf3 g6 3. g3 Bg7 4.
Bg2 c6 5. O-O Qb6+ 6. e3 Bxb2 7.
Bxb2 Qxb2 8. Nc3 Nf6 9. Rb1 Qa3 10.
Rb3 Qd6 11. d4 O-O 12. Ne5 e6 13. g4 Nbd7 14. g5 Ne8 15. Qg4 f6 16. gxf6 Nexf6 17. Qh4 Kg7 18. Rf3 Rh8 19. Rg3 Qe7 20. Rxg6+ hxg6 21.
Qxh8+ Kxh8 22. Nxg6+ Kg7 23. Nxe7 Nb6 24. Nxc8 Rxc8 25.
a4 Rc7 26. a5 Nc4 27. Na4 Nxa5 28. Rb1 Kf7 29. Nc5 b6 30. Nd3 Nc4 31. Ne5+ Nxe5 32. fxe5 Ng4 33. Rf1+ Ke7 34. Rf3 c5 35. Rg3 Nh6 36. Rg6 Nf7 37. Bh3 Rc6 38. Rf6 cxd4 39. exd4 Nd8 40. c4 Rxc4 41. Rh6 Rxd4 42. Rh7+ Nf7 43. Bf1 Re4 44. Kh1 Re1 45. Kg1 Rxe5 46. Kf2 a5 47. h4 a4 48. Be2 a3 49. Rg7 Re4 50. Rg1 Rxh4 0-1

[Event "*** Titled Tuesday Blitz"]
[Site "Chess.com"]
[Date "2020.11.03"]
[Round "1"]
[White "NiranjanNavalgund"]
[Black "Infernal_XaM"]
[Result "1-0"]
[WhiteElo "2440"]
[BlackElo "2830"]
[TimeControl "180+1"]
[EndTime "10:07:04 PST"]
[Termination "NiranjanNavalgund won by resignation"]

1. d4 Nf6 2. Nf3 e6 3. Bf4 c5 4. e3 Nc6 5. c3 h6 6. Nbd2 Nh5 7. Bg3 Nxg3 8. hxg3 d5 9. Bd3 Bd6 10. Qe2 Qb6 11.
Rb1 Bd7 12. dxc5 Bxc5 13. e4 d4 14. Nc4 Qc7 15. b4 Be7 16. b5 Na5 17. cxd4 Rc8 18. Nfe5 Nxc4 19. Bxc4 Bf6 20. Nxd7 Kxd7 21. Bb3 Qc3+ 22.
Kf1 Bxd4 23. Rd1 Ke7 24. Kg1 Rhd8 25. Kh2 Qc5 26. Rhf1 h5 27. Rd3 g6 28. a4 Rh8 29.
Rfd1 e5 30. f4 h4 31. g4 h3 32. gxh3 Qd6 33. Kg2 Rcd8 34. Qf3 Qf6 35. g5 Qg7 36.
fxe5 Bxe5 37. Rxd8 Rxd8 38. Rxd8 Kxd8 39. Qxf7 Qh8 40. Be6 Qg7 41. Kf3 1-0

[Event "*** Titled Tuesday Blitz"]
[Site "Chess.com"]
[Date "2020.11.03"]
[Round "1"]
[White "Vuk2000"]
[Black "barbara25"]
[Result "1-0"]
[WhiteElo "2672"]
[BlackElo "2342"]
[TimeControl "180+1"]
[EndTime "10:07:04 PST"]
[Termination "Vuk2000 won by resignation"]

1. d4 Nf6 2. Bg5 c5 3. Bxf6 exf6 4. Nc3 Be7 5. Nf3 O-O 6. e3 b6 7. Qd2 Bb7 8. Rd1 f5 9. Bc4 a6 10. a4 Bf6 11. Nd5 b5 12. axb5 axb5 13. Nxf6+ Qxf6 14. Bxb5 Bxf3 15. gxf3 d6 16. O-O g6 17. c3 Na6 18.
dxc5 dxc5 19. Qd6 Qg5+ 20. Qg3 Qh5 21. Rd7 Nb8 22. Rb7 Qh6 23. Rd1 Qg7 24. Bc4 Qf6 25.
Bb5 h5 26. Rd6 Qg7 27. Rdb6 h4 28. Qd6 Ra1+ 29. Kg2 h3+ 30. Kxh3 Qh6+ 31. Kg2 Qg5+ 32. Qg3 Qd8 33. Rxb8 Qd1 34. Rxf8+ Kxf8 35. Qd6+ 1-0

[Event "*** Titled Tuesday Blitz"]
[Site "Chess.com"]
[Date "2020.11.03"]
[Round "1"]
[White "Ladislav1969"]
[Black "AndrewMaco"]
[Result "0-1"]
[WhiteElo "2328"]
[BlackElo "2655"]
[TimeControl "180+1"]
[EndTime "10:07:04 PST"]
[Termination "AndrewMaco won on time"]

1. e4 c6 2. d4 d5 3. e5 Bf5 4. Nd2 e6 5. Nb3 Nd7 6. Nf3 c5 7. dxc5 Bxc5 8. Nxc5 Nxc5 9. Nd4 Ne7 10. Bb5+ Nd7 11.
Qe2 O-O 12. O-O Bg6 13. Bg5 Nc5 14. Bd3 Nxd3 15. cxd3 Qd7 16. Bxe7 Qxe7 17. f4 Rac8 18. f5 Qc5 19. Qe3 exf5 20. Rac1 Qb6 21. e6 fxe6 22.
Qxe6+ Qxe6 23. Nxe6 Rfe8 24. Nc7 Re2 25. Nxd5 Rxc1 26.
Rxc1 Rxb2 27. Rc8+ Kf7 28. Rc7+ Ke6 29. Nf4+ Kf6 30.
h4 Bf7 31. d4 h6 32. d5 g5 33.
hxg5+ hxg5 34. d6 gxf4 35. d7 Rd2 36. Rxb7 Bxa2 37. Rxa7 Be6 38. Ra4 Kg5 0-1

[Event "*** Titled Tuesday Blitz"]
[Site "Chess.com"]
[Date "2020.11.03"]
[Round "1"]
[White "TheCairnTerrier"]
[Black "m_ezat"]
[Result "0-1"]
[WhiteElo "2192"]
[BlackElo "2544"]
[TimeControl "180+1"]
[EndTime "10:07:04 PST"]
[Termination "m_ezat won on time"]

1. e4 c6 2. d4 d5 3. exd5 cxd5 4.
Bd3 Nc6 5. c3 Qc7 6. h3 g6 7.
Nf3 Nh6 8. O-O Bf5 9. Bxh6 Bxh6 10.
Bxf5 gxf5 11. Qd3 e6 12. Re1 O-O-O 13. Nbd2 Rhg8 14. a4 Rg6 15. Kh1 Rdg8 16. Rg1 Bf4 17. a5 a6 18. b4 Na7 19. Nb3 Qc4 20. Qxc4+ dxc4 21. Nbd2 Nb5 22. Nxc4 Kb8 23. Nce5 R6g7 24. c4 Nxd4 25. Nd7+ Kc7 26. Nxd4 Kxd7 27. Rad1 Kc7 28. Nb3 f6 29. Nc5 Re7 30. Rd3 Bd6 31. Rgd1 Bxc5 32. bxc5 Kc6 33. Rb3 Kxc5 34. Rb6 Rgg7 35. Rdd6 Kxc4 36.
h4 Kc5 0-1

[Event "*** Titled Tuesday Blitz"]
[Site "Chess.com"]
[Date "2020.11.03"]
[Round "1"]
[White "salomez"]
[Black "Alomaterapia"]
[Result "0-1"]
[WhiteElo "2135"]
[BlackElo "2525"]
[TimeControl "180+1"]
[EndTime "10:07:04 PST"]
[Termination "Alomaterapia won on time"]

1. e4 e5 2. Nf3 Nc6 3. Bc4 Bc5 4. d3 Nf6 5. Nbd2 O-O 6. h3 d5 7.
Bb3 a5 8. c3 dxe4 9. dxe4 Nh5 10. Nc4 Qxd1+ 11. Bxd1 Re8 12. Ba4 f6 13. O-O Be6 14.
Bb5 Red8 15. Be3 Bf8 16. Bxc6 Bxc4 17. Bxb7 Rab8 18. Bd5+ Bxd5 19. exd5 Rxb2 20. c4 c6 21. Rfd1 cxd5 22. cxd5 Rb5 23. g4 Nf4 24. Bxf4 exf4 25.
Rd4 Rbxd5 26. Rxf4 Rd3 27. Kg2 Ra3 28. Re4 Kf7 29.
Re2 Rdd3 30. Rb1 Rxf3 31. Rb7+ Kg6 32. Rb8 Bd6 33. Rb6 Bc5 0-1

[Event "*** Titled Tuesday Blitz"]
[Site "Chess.com"]
[Date "2020.11.03"]
[Round "1"]
[White "Zkid"]
[Black "mr_gustavo"]
[Result "1-0"]
[WhiteElo "2816"]
[BlackElo "2409"]
[TimeControl "180+1"]
[EndTime "10:07:05 PST"]
[Termination "Zkid won by checkmate"]

1. e4 e5 2. Nf3 Nc6 3. Bc4 Nf6 4. d3 Bc5 5. O-O d6 6. c3 a6 7. a4 Ba7 8. b4 h6 9. Nbd2 O-O 10. Re1 Ng4 11. Re2 Kh8 12. h3 f5 13. exf5 Nf6 14.
Nh4 d5 15. Bb3 Re8 16. Nf1 Kh7 17. Ng3 Nh5 18. Nxh5 Qxh4 19. b5 Na5 20. Nxg7 Kxg7 21. Bxd5 Bxf5 22. bxa6 Rad8 23. c4 Nc6 24. axb7 Nd4 25.
Re3 Kh7 26. Be4 Bxe4 27. Rxe4 Qf6 28. Be3 Rg8 29. Qh5 Rdf8 30. Kh1 Re8 31. Rb1 Bb8 32. Bxd4 c5 33. Bxc5 Rd8 34. Rb6 Qg7 35. Rg4 Qf8 36.
Bxf8 Rdxf8 37. Qxh6# 1-0

[Event "*** Titled Tuesday Blitz"]
[Site "Chess.com"]
[Date "2020.11.03"]
[Round "1"]
[White "kuban1991"]
[Black "r31415"]
[Result "1-0"]
[WhiteElo "2903"]
[BlackElo "2451"]
[TimeControl "180+1"]
[EndTime "10:07:06 PST"]
[Termination "kuban1991 won by resignation"]

1. Nf3 g6 2. e4 d6 3. d4 Nf6 4. Nc3 Bg7 5. Bg5 c6 6. Qd2 O-O 7. O-O-O b5 8. Bd3 Nbd7 9. Bh6 Qc7 10. Bxg7 Kxg7 11. h4 e5 12. h5 Nxh5 13. Rxh5 gxh5 14. Qg5+ Kh8 15. Rh1 Rg8 16. Qe7 Qd8 17. Qxd6 Nb6 18. Qxe5+ f6 19. Qxh5 Qe7 20. e5 f5 21. Kb1 b4 22.
Ne2 Nd5 23. Bc4 Be6 24. Bxd5 Bxd5 25. Nf4 Qf7 26. Qxf7 Bxf7 27. e6 Bg6 28. Ne5 Kg7 29.
Nxc6 a5 30. d5 Ra6 31. g3 Rga8 32. Rd1 Be8 33. Nd4 Kf6 34. Nf3 Rd6 35. Nd2 Bb5 36.
b3 Rad8 37. Nc4 Bxc4 38. bxc4 Rc8 39. Rh1 Rc7 40. Rh6+ Kg7 41. e7 Rxe7 1-0

[Event "*** Titled Tuesday Blitz"]
[Site "Chess.com"]
[Date "2020.11.03"]
[Round "1"]
[White "aleksey1203borisovi4"]
[Black "exoticprincess"]
[Result "0-1"]
[WhiteElo "2449"]
[BlackElo "2885"]
[TimeControl "180+1"]
[EndTime "10:07:06 PST"]
[Termination "exoticprincess won by resignation"]

1. g3 d5 2. Bg2 c6 3. d3 Nf6 4. Nf3 Bf5 5. O-O e6 6. Nc3 h6 7. Bg5 hxg5 8. Nxg5 d4 9. Nb1 Nbd7 10. a4 Ne5 11. a5 Nfg4 12. f4 Rxh2 13. Qc1 Rxg2+ 14. Kxg2 Ne3+ 15. Kg1 Qd5 16. Rf2 N5g4 17. c4 Qd7 18. a6 Nxf2 19. Kxf2 b6 20. Nd2 O-O-O 21. b4 Bxb4 22.
Ndf3 f6 23. Ne4 Bxe4 24. dxe4 Bc5 25. Ne1 e5 26. Nd3 Qh3 27. Qh1 Ng4+ 28. Kf3 Nh2+ 29.
Kf2 Rh8 30. Rg1 Ng4+ 31. Kf3 Qxh1+ 32. Rxh1 Rxh1 33. Kxg4 Bd6 34. Kf5 Kd7 35. Kg6 Rg1 36. Kxg7 Rxg3+ 37. Kxf6 Rxd3 38. fxe5 Re3 39. exd6 Rxe4 0-1

[Event "*** Titled Tuesday Blitz"]
[Site "Chess.com"]
[Date "2020.11.03"]
[Round "1"]
[White "ecwinslow"]
[Black "SamuelGhimpu2003"]
[Result "0-1"]
[WhiteElo "2200"]
[BlackElo "2544"]
[TimeControl "180+1"]
[EndTime "10:07:09 PST"]
[Termination "SamuelGhimpu2003 won by resignation"]

1. e4 e6 2. d4 d5 3. Nd2 c5 4. exd5 Qxd5 5. Ngf3 cxd4 6. Bc4 Qd7 7. O-O Nc6 8. Nb3 a6 9. a4 Nf6 10. Nbxd4 Nxd4 11. Nxd4 Qc7 12. b3 Bd6 13. h3 O-O 14. Qf3 b6 15. Bb2 Bb7 16. Qe2 Nd5 17. Bxd5 Bxd5 18. c4 Bb7 19. Rad1 Rad8 20. Rfe1 Bb4 21.
Rf1 Qf4 22. Qg4 Qxg4 23. hxg4 Bc5 24. Rfe1 Rfe8 25. Nf3 Rxd1 26. Rxd1 Be4 27. Rd2 f6 28. Bd4 Bb4 29. Re2 Bd3 30. Re3 Bc2 31. Bxb6 e5 32.
Ne1 Bd1 33. c5 Bxg4 34. c6 Rb8 35. a5 Kf7 36. c7 Rc8 37. Nc2 Bd6 38. Rc3 Ke7 39.
b4 Kd7 40. b5 axb5 41. a6 Bf5 42. Ne3 Be4 43. f3 Ba8 44. Nf5 Bxc7 45. Rb3 Bxb6+ 0-1

[Event "*** Titled Tuesday Blitz"]
[Site "Chess.com"]
[Date "2020.11.03"]
[Round "1"]
[White "Flutaga"]
[Black "WPWPWP-2015"]
[Result "1/2-1/2"]
[WhiteElo "1866"]
[BlackElo "2467"]
[TimeControl "180+1"]
[EndTime "10:07:09 PST"]
[Termination "Game drawn by repetition"]

1. e4 c5 2. Nc3 d6 3. f4 Nc6 4. Nf3 g6 5. Bb5 Bg7 6. O-O e6 7. d3 Ne7 8. Qe1 Bd7 9. Qh4 Nd4 10. Bxd7+ Qxd7 11. Nxd4 Bxd4+ 12. Kh1 f5 13. Re1 O-O-O 14.
Bd2 h6 15. a4 g5 16. Qh5 Rdg8 17.
Nb5 Kb8 18. c3 Bg7 19. Qf7 gxf4 20. exf5 Be5 21. fxe6 Qc6 22. Re4 Rg7 23. Qh5 Rhg8 24. Rg1 Rg5 25. Qf3 Nf5 26. Bxf4 Nh4 27. Qh3 Rxg2 28.
Rxg2 Nxg2 29. Bxe5 dxe5 30. Qf5 Nf4 31. Qxe5+ Ka8 32. Nc7+ Kb8 33. Nb5+ Ka8 34. Nc7+ Kb8 35. Nb5+ 1/2-1/2

[Event "*** Titled Tuesday Blitz"]
[Site "Chess.com"]
[Date "2020.11.03"]
[Round "1"]
[White "snowlord"]
[Black "dopolian"]
[Result "1-0"]
[WhiteElo "2745"]
[BlackElo "2379"]
[TimeControl "180+1"]
[EndTime "10:07:10 PST"]
[Termination "snowlord won by resignation"]

1. Nf3 Nf6 2. g3 g6 3. b3 Bg7 4.
Bb2 O-O 5. c4 d6 6. d4 e5 7.
dxe5 Ng4 8. Bg2 Nxe5 9. Nc3 Nxf3+ 10. Bxf3 Nc6 11. O-O Bf5 12. Qd2 Re8 13. Nd5 Ne5 14. Bg2 c6 15. Ne3 Be6 16. Rad1 Qb6 17. Qxd6 Rad8 18.
Qa3 h5 19. h3 h4 20. g4 g5 21. Be4 Ng6 22. Bxg6 fxg6 23. Bxg7 Kxg7 24. Qb2+ Kf7 25. Kg2 Bc8 26. Rxd8 Qxd8 27. Rd1 Qc7 28. Qd4 b6 29. c5 b5 30. Qd6 Qxd6 31. Rxd6 Re6 32. Rd8 Re8 33.
Rxe8 Kxe8 34. Kf3 Be6 35. Ke4 Kf7 36. Ke5 Ke7 37. f3 a5 38. Nc2 b4 39. Nd4 a4 40. Nxe6 a3 41. Nd4 1-0

[Event "*** Titled Tuesday Blitz"]
[Site "Chess.com"]
[Date "2020.11.03"]
[Round "1"]
[White "LaPorfia"]
[Black "Volodar_Murzin"]
[Result "0-1"]
[WhiteElo "2295"]
[BlackElo "2608"]
[TimeControl "180+1"]
[EndTime "10:07:10 PST"]
[Termination "Volodar_Murzin won by resignation"]

1. d4 Nf6 2. Nf3 g6 3. Nc3 Bg7 4. e4 d6 5. h3 O-O 6. Be3 c6 7. a4 Nbd7 8. a5 e5 9. dxe5 dxe5 10. Nd2 Qe7 11. Nc4 Rd8 12. Qd6 Bf8 13. Qxe7 Bxe7 14. Ra4 Nc5 15. Bxc5 Bxc5 16. Bd3 Re8 17. O-O Nh5 18. Ne2 Nf4 19. Nxf4 exf4 20. Rd1 Be6 21. Kf1 f3 22. gxf3 Bxh3+ 23. Ke2 Be6 24. Ne3 Red8 25. Raa1 a6 26. Nc4 Kg7 27. c3 h5 28. f4 Rxd3 29. Kxd3 Rd8+ 30. Ke2 Bxc4+ 31. Kf3 Rb8 32. b4 Bf8 33. Rd4 Be6 34. Rad1 Rc8 35. Kg3 Be7 36. f3 c5 37. bxc5 Rxc5 38. Rb1 h4+ 39. Kg2 Rxc3 40.
f5 gxf5 41. exf5 Bxf5 42. Rf4 h3+ 43. Kh1 Bxb1 0-1

[Event "*** Titled Tuesday Blitz"]
[Site "Chess.com"]
[Date "2020.11.03"]
[Round "1"]
[White "Azerichess"]
[Black "Rital44"]
[Result "1-0"]
[WhiteElo "3012"]
[BlackElo "2468"]
[TimeControl "180+1"]
[EndTime "10:07:11 PST"]
[Termination "Azerichess won on time"]

1. e4 e5 2. Nf3 Nc6 3. Nc3 Nf6 4. a3 g6 5. Bc4 Bg7 6. d3 h6 7. O-O d6 8. h3 O-O 9. Be3 Nh5 10. d4 exd4 11.
Nxd4 Nxd4 12. Bxd4 Nf4 13. Bxg7 Kxg7 14. Qd4+ Kh7 15.
Nd5 Qg5 16. Nf6+ Kh8 17. Nd5+ Kh7 18. Nxf4 Qxf4 19. Rfe1 Be6 20. Rad1 Rae8 21. Rd3 Bd7 22. Rf3 Qe5 23. Qxa7 Bc6 24. Bxf7 Ra8 25. Qe3 Qxb2 26. c3 Kg7 27. Qd4+ Kh7 28. Qf6 Bxe4 29. Bxg6+ Bxg6 30. Re7+ Rf7 31. Rxf7+ Bxf7 32. Qxf7+ Kh8 33. Qf6+ Kh7 34. Qe7+ Kh8 35. Kh2 Qb3 36. Rf7 Qc2 37.
Qf6+ 1-0

[Event "*** Titled Tuesday Blitz"]
[Site "Chess.com"]
[Date "2020.11.03"]
[Round "1"]
[White "Radzio1987"]
[Black "anon481216"]
[Result "1-0"]
[WhiteElo "2811"]
[BlackElo "2405"]
[TimeControl "180+1"]
[EndTime "10:07:12 PST"]
[Termination "Radzio1987 won by resignation"]

1. c4 c6 2. Nc3 d5 3. d4 Nf6 4. e3 e6 5. b3 Bb4 6. Bb2 Ne4 7. Ne2 dxc4 8. bxc4 e5 9. Qb3 exd4 10.
Qxb4 dxc3 11. Bxc3 Nxc3 12. Nxc3 Qe7 13. Qxe7+ Kxe7 14. Rb1 Na6 15. Ne4 b6 16. Bd3 Rd8 17. Ke2 c5 18.
Nc3 Nc7 19. e4 Bb7 20. Ke3 Rd4 21. f4 Rad8 22. Rhd1 f6 23. h4 h6 24. Ne2 R4d7 25. Ng3 Kf8 26. Be2 Ne6 27. Rxd7 Rxd7 28. Bg4 Re7 29.
Nf5 Rd7 30. Rd1 Rxd1 31. Bxd1 Bc6 32. h5 a6 33. a4 Nd8 34. Nd6 Nb7 35. Nc8 b5 36.
Na7 Be8 37. axb5 axb5 38. cxb5 Ke7 39. Be2 Kd6 40. Nc8+ Kc7 41. Ne7 Kb6 42. Nf5 Bxb5 43. Nxg7 Bxe2 44. Kxe2 Nd6 45. Ke3 c4 46. e5 fxe5 47.
fxe5 Nf7 48. e6 Nd6 49. e7 1-0

[Event "*** Titled Tuesday Blitz"]
[Site "Chess.com"]
[Date "2020.11.03"]
[Round "1"]
[White "GP9isback23"]
[Black "Beca95"]
[Result "0-1"]
[WhiteElo "2461"]
[BlackElo "2955"]
[TimeControl "180+1"]
[EndTime "10:07:13 PST"]
[Termination "Beca95 won by resignation"]

1. d4 e6 2. Nf3 Nf6 3. c4 d5 4.
Nc3 Be7 5. Bg5 O-O 6. e3 Nbd7 7. cxd5 exd5 8. Bd3 c6 9. O-O Re8 10. Rb1 a5 11.
Qc2 Nf8 12. a3 Ng6 13. b4 axb4 14. axb4 Bd6 15. b5 h6 16. Bxf6 Qxf6 17. e4 Nh4 18. Nxh4 Qxh4 19. g3 Qg4 20. e5 Bf8 21. f4 h5 22. Be2 Qh3 23. Bf3 Bf5 24. Qe2 Bxb1 25. Rxb1 g6 26. Nd1 Qd7 27. Nf2 Ra4 28. Nd3 Rxd4 29.
bxc6 bxc6 30. Rc1 Qf5 31. Nf2 c5 32. Bg2 Qd7 33. Bh3 f5 34. Bg2 c4 35. Bf3 Ra8 36.
e6 Qd6 37. Nh3 Rd3 38. Re1 Be7 39. Bxh5 Qc5+ 40. Kh1 Re3 41. Qxe3 Qxe3 42. Rxe3 gxh5 43. Kg2 d4 44. Re5 d3 45. Rxf5 c3 46. Rd5 c2 0-1

[Event "*** Titled Tuesday Blitz"]
[Site "Chess.com"]
[Date "2020.11.03"]
[Round "1"]
[White "Loy_Konstantin"]
[Black "Kobalia"]
[Result "0-1"]
[WhiteElo "2374"]
[BlackElo "2734"]
[TimeControl "180+1"]
[EndTime "10:07:13 PST"]
[Termination "Kobalia won on time"]

1. e4 c5 2. Nf3 e6 3. d3 Nc6 4. g3 g6 5. Bg2 Bg7 6. O-O Nge7 7.
Re1 e5 8. c3 O-O 9. Be3 d6 10.
h3 f5 11. exf5 Nxf5 12. Bg5 Bf6 13. Bxf6 Qxf6 14. Nbd2 Kh8 15. Qe2 Bd7 16. a4 Rae8 17. Ne4 Qe7 18. Rad1 d5 19. Ned2 Qd6 20. Nh2 b6 21. b3 Bc8 22. Ndf3 Ba6 23. Qc2 d4 24. cxd4 exd4 25. Bf1 Nb4 26. Qb1 Nd5 27. Qc2 Nc3 28. Qd2 Bb7 29. Rxe8 Rxe8 30. Re1 Rxe1 31. Qxe1 Qe7 32.
Qxe7 Nxe7 33. Nd2 Ba6 34. Ng4 Nc6 35. Kg2 Kg7 36. f4 Bb7 37. Kf2 h5 38. Ne5 Nxe5 39. fxe5 Nd1+ 40. Ke2 Ne3 41. Nc4 Nxf1 42. Kxf1 Bd5 43.
Kf2 Kf7 44. g4 h4 45. Nd2 Ke6 46. Kg1 Kxe5 47. Kf2 Kf4 48. Nc4 Bxc4 49. bxc4 g5 0-1

[Event "*** Titled Tuesday Blitz"]
[Site "Chess.com"]
[Date "2020.11.03"]
[Round "1"]
[White "natelleka"]
[Black "GelmanAlexander"]
[Result "0-1"]
[WhiteElo "2245"]
[BlackElo "2573"]
[TimeControl "180+1"]
[EndTime "10:07:13 PST"]
[Termination "GelmanAlexander won on time"]

1. e4 c5 2. Nf3 e6 3. d4 cxd4 4. Nxd4 a6 5. Be2 d6 6. O-O Nf6 7. Nc3 Nbd7 8. f4 b5 9. a3 Bb7 10. Bf3 Rc8 11. Re1 Qc7 12. Qe2 h5 13. Be3 Be7 14. Bf2 g6 15. Rad1 Qc4 16. Qd2 Ng4 17.
Bxg4 hxg4 18. f5 e5 19. Nb3 gxf5 20. Na5 Qc7 21. Nxb7 Qxb7 22. exf5 Nf6 23. Qe2 Rh5 24. Bg3 Rxf5 25. Rf1 Rxf1+ 26. Rxf1 Qc6 27. Bh4 Nd5 28.
Bxe7 Nxc3 29. bxc3 Kxe7 30. Qxg4 Rf8 31. Qg5+ Ke8 32.
Qf6 Kd7 33. Qg7 Ke7 34. Qf6+ Ke8 0-1

[Event "*** Titled Tuesday Blitz"]
[Site "Chess.com"]
[Date "2020.11.03"]
[Round "1"]
[White "lacafi"]
[Black "vladgoncharov"]
[Result "1-0"]
[WhiteElo "2090"]
[BlackElo "2483"]
[TimeControl "180+1"]
[EndTime "10:07:14 PST"]
[Termination "lacafi won on time"]

1. d4 Nf6 2. Nf3 e6 3. e3 c5 4.
Bd3 Qb6 5. c3 d5 6. O-O Nc6 7.
Qe2 Be7 8. Re1 O-O 9. Nbd2 Re8 10. dxc5 Qxc5 11. e4 dxe4 12. Nxe4 Nxe4 13. Bxe4 Bd7 14. Be3 Qh5 15. Rad1 Rad8 16. Qc2 f5 17. Bd3 e5 18.
Qb3+ Kh8 19. Be2 f4 20. Bxa7 Nxa7 21. Qxb7 Bg4 22. Qxa7 e4 23. Rxd8 Bxd8 24. Nd4 f3 25. Bf1 fxg2 26. Bxg2 Rf8 27. Rxe4 Bc8 28. Re1 Qh4 29. Nf3 Qc4 30. Ne5 Qe6 31. Qe3 Qg8 32. Qd4 Rf6 33. Bd5 1-0

[Event "*** Titled Tuesday Blitz"]
[Site "Chess.com"]
[Date "2020.11.03"]
[Round "1"]
[White "bratkoo"]
[Black "Klavdia_Nik"]
[Result "1-0"]
[WhiteElo "2501"]
[BlackElo "2073"]
[TimeControl "180+1"]
[EndTime "10:07:14 PST"]
[Termination "bratkoo won on time"]

1. e4 g6 2. d4 Bg7 3. Nc3 d6 4. f4 c6 5. Nf3 Nf6 6. Bd3 O-O 7.
O-O a6 8. Qe2 b5 9. e5 Nd5 10.
Nxd5 cxd5 11. f5 Nc6 12. Bg5 dxe5 13. fxg6 hxg6 14. dxe5 Bg4 15. e6 f5 16. c3 Ne5 17.
Bc2 Nxf3+ 18. gxf3 Bh5 19. Rad1 Qb6+ 20. Kh1 Bf6 21.
Bxf6 Rxf6 22. Rxd5 Rd8 23. Qd3 Rxd5 24. Qxd5 Kg7 25. Bb3 Qe3 26. Qb7 Kh6 27. Kg2 g5 28. Qxe7 Qe5 29. Re1 Qxe1 30. Qxf6+ Bg6 31. Qh8+ Bh7 32.
Qf8+ Kh5 33. Qc5 Qe2+ 34. Qf2 Qe5 35. f4 1-0

[Event "*** Titled Tuesday Blitz"]
[Site "Chess.com"]
[Date "2020.11.03"]
[Round "1"]
[White "RobPeresian"]
[Black "RaunakSadhwani2005"]
[Result "0-1"]
[WhiteElo "2464"]
[BlackElo "2968"]
[TimeControl "180+1"]
[EndTime "10:07:15 PST"]
[Termination "RaunakSadhwani2005 won on time"]

1. Nf3 d5 2. d4 Nf6 3. c4 e6 4.
Nc3 dxc4 5. e4 Bb4 6. Bxc4 Nxe4 7. O-O Nxc3 8. bxc3 Be7 9. Ne5 O-O 10. f4 Nd7 11.
Rf3 Nf6 12. g4 c5 13. g5 Nd5 14. Rh3 g6 15. Qg4 cxd4 16. Rh6 Kg7 17. Qh4 Rh8 18. Bd3 dxc3 19. Nxf7 Qb6+ 20. Kh1 Kxf7 21. Bxg6+ hxg6 22. Rxh8 Qd4 23. Qh7+ Qg7 24. Qh4 Qd4 25.
Qh7+ Qg7 26. Qh3 e5 27. Qh4 Bf5 28. Rh7 Be4+ 29. Kg1 Bc5+ 30. Kf1 exf4 31. Rxg7+ Kxg7 32. Qh6+ Kg8 33. a4 Re8 34. Ba3 Bd3+ 35. Kg2 Re2+ 36.
Kh3 Bf5+ 0-1

[Event "*** Titled Tuesday Blitz"]
[Site "Chess.com"]
[Date "2020.11.03"]
[Round "1"]
[White "VALPARAISO37"]
[Black "MartinZumsande"]
[Result "0-1"]
[WhiteElo "2268"]
[BlackElo "2595"]
[TimeControl "180+1"]
[EndTime "10:07:15 PST"]
[Termination "MartinZumsande won by checkmate"]

1. d4 d5 2. c4 e6 3. Nc3 Be7 4. Nf3 Nf6 5. Bg5 h6 6. Bh4 O-O 7. e3 b6 8. Qc2 Bb7 9. Rd1 Nbd7 10. Bd3 c5 11. Qe2 Ne4 12. Bxe7 Qxe7 13. cxd5 exd5 14. O-O Rfe8 15. Bb1 a6 16. Qc2 Rac8 17. dxc5 Rxc5 18. Qb3 Nxc3 19. bxc3 Rec8 20. Qb4 Qf6 21. Qa4 b5 22. Qg4 Ne5 23. Nxe5 Qxe5 24. Qd7 R5c7 25. Qg4 Rxc3 26. h4 b4 27. Bf5 R8c4 28. Rd4 Rxd4 29. exd4 Qf6 30.
Re1 Bc6 31. Qf4 g6 32. Qb8+ Kg7 33. Qxb4 Rc4 34. Qb6 Qxf5 35. Qxa6 Qf4 36. g3 Qxd4 37.
Rf1 Rc2 38. h5 g5 39. Qa5 Bd7 40. Qd8 Bh3 41. Qb6 Qxb6 42. Kh2 Rxf2+ 43. Kxh3 Qe6+ 44. g4 Qe3# 0-1

[Event "*** Titled Tuesday Blitz"]
[Site "Chess.com"]
[Date "2020.11.03"]
[Round "1"]
[White "Chamal_Gedgafov"]
[Black "Varinius"]
[Result "1/2-1/2"]
[WhiteElo "2138"]
[BlackElo "2507"]
[TimeControl "180+1"]
[EndTime "10:07:16 PST"]
[Termination "Game drawn by repetition"]

1. d4 Nf6 2. c4 c5 3. d5 b5 4. cxb5 a6 5. b6 e6 6. Nc3 Nxd5 7. Nxd5 exd5 8. Qxd5 Nc6 9. Nf3 Rb8 10. e4 Be7 11.
Bc4 O-O 12. O-O Rxb6 13. b3 d6 14. Qd2 Be6 15. Bxe6 fxe6 16. Bb2 d5 17. exd5 exd5 18. Rfe1 d4 19. Rac1 Qd5 20. Qe2 Bf6 21. Ba3 Nb4 22. Bxb4 cxb4 23. Ne5 Re6 24. f4 Rfe8 25. Qc4 Qxc4 26.
Rxc4 Bxe5 27. fxe5 Rxe5 28. Rxe5 Rxe5 29. Rxd4 a5 30. Kf2 Kf7 31. Rd6 Rc5 32. Rd2 Rc3 33. Ke2 h5 34. Rd3 Rc2+ 35. Rd2 Rc3 36. Rd3 Rc5 37. Rd6 Ke7 38. Rg6 Rc2+ 39. Kd3 Rxa2 40. Rxg7+ Kf6 41. Rg8 Ra3 42. Kc4 a4 43. bxa4 Rxa4 44.
h3 Kf5 45. Kb3 Ra3+ 46. Kxb4 Re3 47. g4+ hxg4 48. hxg4+ Kf6 49. Kc4 Kf7 50. Rg5 Kf6 51.
Rg8 Kf7 52. Rg5 Kf6 53. Rg8 1/2-1/2

[Event "*** Titled Tuesday Blitz"]
[Site "Chess.com"]
[Date "2020.11.03"]
[Round "1"]
[White "Neftegor"]
[Black "ChristopherYoo"]
[Result "1-0"]
[WhiteElo "2457"]
[BlackElo "2857"]
[TimeControl "180+1"]
[EndTime "10:07:17 PST"]
[Termination "Neftegor won by resignation"]

1. d4 Nf6 2. c4 c5 3. d5 b5 4. cxb5 a6 5. bxa6 e6 6. dxe6 fxe6 7. e3 Nxa6 8. Nf3 Bb7 9. Be2 Be7 10. O-O O-O 11. Nbd2 Ne4 12. Nxe4 Bxe4 13. Nd2 Bc6 14. Bf3 d5 15. e4 Nb4 16. exd5 exd5 17. Nb3 Bb5 18.
Re1 Nd3 19. Re3 Kh8 20. Rxd3 Bxd3 21. Qxd3 c4 22. Qxd5 Qxd5 23. Bxd5 cxb3 24. Bxa8 Rxa8 25. a4 Bb4 26. Kf1 Kg8 27. Ke2 Kf7 28. Kd3 Rc8 29. a5 Bxa5 30. Rxa5 Rxc1 31. Rb5 Rg1 32. g3 Rg2 33. Ke3 Rxh2 34. Rxb3 Rh1 35. Rb7+ Kf6 36. Rb6+ Kf5 37. Rb5+ Kg4 38. Rb7 g5 39. Rb4+ Kh3 40.
Kf3 h5 41. Rb5 g4+ 42. Ke2 Kg2 43. Rf5 Rb1 44. Rb5 Rf1 45. Rf5 Rb1 46. Rb5 Rc1 47.
Ke3 Rc2 48. Rxh5 Rxf2 49. Rh2+ Kxh2 50. Kxf2 Kh3 51. b4 1-0